 Dungeon Sprint DCSS version 0.30-a0-591-g3c58d2bc28 (webtiles) character file.

Game seed: 7179280112852606473

86 mhtbhm the Ruffian (level 4, 0/40 HPs)
             Began as a Troll Transmuter on Jan 5, 2023.
             Was an Initiate of Gozag.
             Slain by Pikel
             ... wielding a +2 whip of freezing
              (4 damage)
             ... in the Dungeon (Sprint VII: "The Pits").
             The game lasted 00:01:05 (342 turns).

mhtbhm the Ruffian (Troll Transmuter)                Turns: 342, Time: 00:01:05

Health: 0/40       AC:  4    Str: 20    XL:     4   Next: 26%
Magic:  3/7        EV: 10    Int:  9    God:    Gozag
Gold:   414        SH:  0    Dex: 10    Spells: 5/8 levels left

rFire   . . .      SeeInvis .      - Unarmed
rCold   . . .      Faith    .    (no shield)
rNeg    . . .      Spirit   .    a - +0 robe
rPois   .          Reflect  .    (helmet restricted)
rElec   .          Harm     .    (no cloak)
rCorr   .          Rampage  .    (gloves unavailable)
Will    .....      NoTele   +    (boots unavailable)
Stlth   +                        (no amulet)
HPRegen 1.06/turn                (no ring)
MPRegen 0.10/turn                (no ring)

@: wereblooded (expiring), on berserk cooldown, slowed, very slow
A: large, unfitting armour, claws 3, regeneration 1, shaggy fur 1, tough skin 1
a: Renounce Religion, Potion Petition, Call Merchant, Bribe Branch


You were in the Dungeon.
You worshipped Gozag.
Gozag was aware of your devotion.
You visited 1 branch You collected 414 gold pieces.

Inventory:

Armour
 a - a +0 robe (worn)
Scrolls
 h - a scroll of blinking
 j - 5 scrolls of amnesia
 k - a scroll of butterflies
Potions
 b - a potion of lignification
 c - 6 potions of curing
 d - 6 potions of heal wounds
 e - a potion of haste
 f - 4 potions of magic
 g - 2 potions of berserk rage
 i - 2 potions of invisibility


   Skills:
 + Level 0.7 Fighting
 + Level 2.9 Dodging
 + Level 6.6 Unarmed Combat
 + Level 2.7 Spellcasting
 + Level 2.8 Transmutations


You had 5 spell levels left.
You knew the following spells:

 Your Spells              Type           Power      Damage    Failure   Level
a - Beastly Appendage     Tmut           12%        N/A       10%         1
b - Wereblood             Tmut           6%         N/A       14%         2

Your spell library contained the following spells:

 Spells                   Type           Power      Damage    Failure   Level
 Spider Form              Tmut/Pois      3%         N/A       45%         3
 Ice Form                 Ice/Tmut       3%         N/A       86%         4


Dungeon Overview and Level Annotations

Branches:
Dungeon (1/1)

Altars:
Ashenzari
Cheibriados
Dithmenos
Elyvilon
Fedhas
Gozag
Hepliaklqana
Kikubaaqudgha
Makhleb
Nemelex Xobeh
Okawaru
Qazlal
Ru
Sif Muna
Trog
Uskayaw
Vehumet
Wu Jian
Xom
Yredelemnul
Zin
The Shining One
Jiyva
Lugonu

Annotations:
D Pikel


Innate Abilities, Weirdness & Mutations

You are too large for most types of armour.
You have claws for hands.
Your natural rate of healing is unusually fast.
You are covered in fur. (AC +1)
You have tough skin. (AC +1)


Message History

You barely miss the lemure.
The quasit gives a chilling moan.
The gnoll shouts!
You claw the lemure.
You kill the lemure!
That felt strangely unrewarding.
The quokka closely misses you.
You mangle the quokka!!
You feel a bit better.
You kill the quokka!
The gnoll is no longer moving quickly.
The river rat is no longer distracted by gold.
You closely miss the lemure.
The river rat bites you but does no damage.
You closely miss Pikel. You claw Pikel!
Pikel is moderately wounded.
You are no longer berserk.
You are exhausted.
You feel yourself slow down.
The gnoll is no longer distracted by gold.
You scratch Pikel but do no damage. Your headbutt misses Pikel.
Pikel is moderately wounded.
Your horns disappear.
Your talons disappear.
Your primal bloodlust is almost over.
The river rat twitches its whiskers.
The river rat bites you.
Unknown command.
You mangle Pikel!!
Pikel is almost dead.
The quasit is no longer distracted by gold.
Pikel hits you with a +2 whip of freezing!
Pikel freezes you. The river rat closely misses you. The river rat bites you.
* * * LOW HITPOINT WARNING * * *
Pikel hits you with a +2 whip of freezing!
* * * LOW HITPOINT WARNING * * *
Pikel freezes you.
* * * LOW HITPOINT WARNING * * *
You barely miss Pikel.
Pikel is almost dead.
The river rat barely misses you.
Pikel hits you with a +2 whip of freezing.
You die...
Your body crumbles into a pile of gold.

#.#...#)#[[##.....
#.#..)#.#))#####'#
#.#...'.#))##.....
#.##'####))##.....
#.#.....#..##.....
#.#.....#'###...<.
#.#........##.....
#.#........##.....
#@###########.....
#Kr55...# ######
#g5g....#
#5..#...# #..##
..# #... .# #... #
#....


You could see Pikel, 3 lemures, a quasit, a gnoll, a river rat and a goblin.

Vanquished Creatures
  A lemure (D)
  An iron imp (D)
  A gnoll bouda (D)
  2 gnolls (D)
  An endoplasm (D)
  A goblin (D)
  A hobgoblin (D)
  A kobold (D)
  2 quokkas (D)
  A ball python zombie (D)
  2 rats (D)
14 creatures vanquished.

Notes
Turn   | Place    | Note
-------+----------+-------------------------------------------
     0 | D        | mhtbhm the Troll Transmuter began the quest for the Orb.
     0 | D        | Reached XP level 1. HP: 18/18 MP: 1/1
    19 | D        | Found a bloodstained altar of Trog.
    19 | D        | Found a shimmering blue altar of Sif Muna.
    19 | D        | Found a viscous altar of Jiyva.
    19 | D        | Found a hazy altar of Hepliaklqana.
    19 | D        | Found an opulent altar of Gozag.
    20 | D        | Found a glowing golden altar of the Shining One.
    20 | D        | Found a glowing silver altar of Zin.
    20 | D        | Found a basalt altar of Yredelemnul.
    20 | D        | Found a shimmering altar of Xom.
    20 | D        | Found an ornate altar of the Wu Jian Council.
    20 | D        | Found a sacrificial altar of Ru.
    20 | D        | Found a stormy altar of Qazlal.
    20 | D        | Found an iron altar of Okawaru.
    20 | D        | Found a sparkling altar of Nemelex Xobeh.
    20 | D        | Found a burning altar of Makhleb.
    20 | D        | Found a blossoming altar of Fedhas.
    20 | D        | Found a white marble altar of Elyvilon.
    20 | D        | Found a shadowy altar of Dithmenos.
    20 | D        | Found a snail-covered altar of Cheibriados.
    22 | D        | Found a radiant altar of Vehumet.
    22 | D        | Found a corrupted altar of Lugonu.
    23 | D        | Found a hide-covered altar of Uskayaw.
    23 | D        | Found an ancient bone altar of Kikubaaqudgha.
    23 | D        | Found a broken altar of Ashenzari.
    29 | D        | Became a worshipper of Gozag Ym Sagoz the Greedy
    85 | D        | Reached skill level 4 in Unarmed Combat
   115 | D        | Reached XP level 2. HP: 26/26 MP: 1/3
   236 | D        | Learned a level 2 spell: Wereblood
   253 | D        | Reached skill level 5 in Unarmed Combat
   253 | D        | Reached XP level 3. HP: 10/32 MP: 3/5
   320 | D        | Noticed a lemure
   323 | D        | Noticed a lemure
   324 | D        | Noticed Pikel
   326 | D        | Noticed a lemure
   327 | D        | Noticed a lemure
   330 | D        | Reached skill level 6 in Unarmed Combat
   330 | D        | Reached XP level 4. HP: 40/40 MP: 2/6
   336 | D        | Killed a lemure
   341 | D        | HP: 2/40 [Pikel/+2 whip of freezing (1)]
   342 | D        | Slain by Pikel

Illustrated notes

Levels and vault maps discovered:
D:        pitsprint [storerooms_1, entrance_room_1, metal_vault_2, armoury_2,
          mini_pit_1, grid_room_1, main_hall_1, silver_pit, the_coven_3,
          the_vestibule_1, steel_vault_5, golden_pit, hallway_of_sentries,
          crystal_vault_1, iron_vault_4, final_vault]

Skill      XL: |  1  2  3 |
---------------+----------+-----
Unarmed Combat | 4 5 6 |  6.6
Dodging        | 2 |  2.9
Spellcasting   | 2 |  2.7
Transmutations | 2 |  2.8
Fighting       | |  0.7

Action                   |  1- 3 |  4- 6 || total
-------------------------+-------+-------++-------
Melee: Unarmed           |    24 |    13 ||    37
       Kick              |     3 |     5 ||     8
       Headbutt          |     3 |     1 ||     4
 Cast: Beastly Appendage |     6 |       ||     6
       Wereblood         |     1 |       ||     1
  Use: Potion            |     1 |       ||     1
Armor: Robe              |     3 |     4 ||     7
Dodge: Dodged            |    10 |     4 ||    14

Table legend: (Time is in decaauts)
 A = Elapsed time spent in this place.
 B = Non-inter-level travel time spent in this place.
 C = Inter-level travel time spent in this place.
 D = Time resting spent in this place.
 E = Time spent auto-exploring this place.
 F = Levels seen in this place.
 G = Mean time per level.
                   A        B        C        D        E       F      G
               +--------+--------+--------+--------+--------+-----+--------+
         Total |    335 |    335 |      0 |    138 |     27 |   1 |  335.0 |
       Dungeon |    335 |    335 |      0 |    138 |     27 |   1 |  335.0 |
               +--------+--------+--------+--------+--------+-----+--------+

Top non-repeatable levels by time:
       D: 335 daAuts
